Map: Frost LE

Players

IlIlIlIlIlIl (Naniwa) - Winner!

  • Race: Protoss Protoss
  • League: Grandmaster

Namshar

  • Race: Zerg Zerg
  • League: Grandmaster

VOD

Have the link to the VOD?

Description

Time

  • Played on: Sept. 19, 2016, 2:10 p.m.
  • Length: 17:16
Show
View Real Time Build Order
Export as new Build Order

IlIlIlIlIlIl Protoss - Winner!

Build Orders: 1 Gate Expand, Oracle Opening 

Get SALT Encoding   

  12  0:00  Probe (Chrono Boost)  
  13  0:11  Probe (Chrono Boost)  
  14  0:18  Pylon  
  14  0:22  Probe (Chrono Boost)  
  15  0:36  Probe (Chrono Boost)  
  15  0:38  Gateway  
  16  0:46  Probe (Chrono Boost)  
  16  0:48  Assimilator  
  18  0:57  Probe (Chrono Boost)  
  18  1:07  Probe (Chrono Boost)  
  19  1:18  Probe (Chrono Boost)  
  20  1:26  Nexus  
  20  1:35  Cybernetics Core  
  20  1:38  Probe (Chrono Boost)  
  21  1:44  Assimilator  
  21  1:49  Probe (Chrono Boost)  
  21  1:53  Pylon  
  22  1:59  Probe (Chrono Boost)  
  23  2:09  Adept  
  23  2:12  Warp Gate  
  23  2:13  Probe (Chrono Boost)  
  26  2:26  Probe (Chrono Boost)  
  27  2:31  Stargate  
  27  2:35  Zealot  
  30  2:37  Probe (Chrono Boost)  
  30  2:39  Probe (Chrono Boost)  
  31  2:47  Probe (Chrono Boost)  
  31  2:49  Probe (Chrono Boost)  
  35  2:59  Mothership Core (Chrono Boost)  
  35  3:00  Probe (Chrono Boost)  
  36  3:10  Probe (Chrono Boost)  
  36  3:11  Oracle  
  37  3:16  Gateway  
  37  3:18  Gateway  
  41  3:21  Probe (Chrono Boost)  
  41  3:26  Probe (Chrono Boost)  
  42  3:33  Pylon  
  42  3:34  Probe (Chrono Boost)  
  43  3:37  Probe (Chrono Boost)  
  44  3:42  Pylon  
  44  3:46  Oracle, Probe (Chrono Boost)  
  44  3:48  Probe (Chrono Boost)  
  48  3:58  Probe x2 (Chrono Boost)  
  50  4:05  Nexus  
  51  4:10  Probe x2 (Chrono Boost)  
  52  4:19  Adept x2  
  52  4:20  Adept  
  52  4:22  Probe (Chrono Boost)  
  52  4:23  Probe (Chrono Boost)  
  57  4:30  Pylon  
  57  4:32  Pylon, Probe (Chrono Boost)  
  57  4:34  Probe (Chrono Boost)  
  59  4:40  Twilight Council  
  59  4:43  Probe (Chrono Boost)  
  59  4:44  Probe (Chrono Boost)  
  61  4:47  Robotics Facility  
  61  4:51  Assimilator  
  61  4:54  Assimilator  
  61  4:55  Probe x2 (Chrono Boost)  
  63  5:05  Resonating Glaives  
  63  5:06  Probe x2 (Chrono Boost)  
  65  5:16  Pylon  
  67  5:26  Gateway  
  65  5:29  Warp Prism  
  65  5:30  Gateway x2  
  65  5:32  Gateway  
  65  5:33  Gateway  
  61  5:48  Gateway  
  61  5:49  Gateway  
  59  5:53  Adept x2  
  59  5:54  Adept  
  65  5:57  Probe (Chrono Boost)  
  65  5:59  Probe x2 (Chrono Boost)  
  65  6:00  Pylon  
  68  6:17  Adept x3  
  74  6:22  Probe (Chrono Boost)  
  74  6:24  Pylon, Probe x2 (Chrono Boost)  
  77  6:42  Adept x9  
  77  6:43  Adept  
  94  7:01  Pylon  
  94  7:03  Adept x6  
  94  7:04  Adept x2  
  94  7:05  Adept  
  112  7:08  Adept  
  112  7:12  Phoenix  
  116  7:18  Stargate  
  106  7:34  Phoenix  
  102  7:47  Assimilator, Probe (Chrono Boost)  
  102  7:48  Pylon, Probe x2 (Chrono Boost)  
  102  7:49  Assimilator  
  95  7:55  Phoenix  
  91  8:00  Dark Shrine  
  91  8:03  Phoenix  
  73  8:15  Adept x10, Probe x3 (Chrono Boost)  
  94  8:23  Phoenix  
  94  8:24  Protoss Air Weapons Level 1, Phoenix  
  98  8:34  Probe x3 (Chrono Boost)  
  93  8:46  Probe x3 (Chrono Boost)  
  93  8:47  Phoenix x2  
  97  8:57  Adept x2  
  97  8:58  Adept x5, Probe x2 (Chrono Boost)  
  109  9:06  Adept x2  
  101  9:14  Dark Templar  
  98  9:18  Pylon, Probe x3 (Chrono Boost)  
  98  9:21  Dark Templar  
  92  9:24  Adept  
  90  9:36  Pylon  
  93  9:39  Dark Templar x2  
  93  9:43  Phoenix  
  93  9:44  Phoenix  
  98  10:04  Phoenix  
  98  10:05  Phoenix  
  98  10:25  Stargate  
  98  10:27  Fleet Beacon  
  98  10:28  Phoenix x2  
  98  10:29  Pylon  
  98  10:32  Pylon  
  102  10:37  Dark Templar x2  
  106  11:03  Phoenix x2  
  110  11:14  Nexus  
  110  11:17  Pylon  
  106  11:19  Pylon  
  106  11:23  Pylon  
  102  11:26  Carrier x3  
  120  11:41  Protoss Air Weapons Level 2  
  120  11:46  Forge  
  126  11:57  Assimilator  
  126  12:00  Assimilator  
  114  12:15  Graviton Catapult  
  112  12:20  Photon Cannon  
  112  12:21  Photon Cannon  
  112  12:23  Photon Cannon x2  
  112  12:24  Photon Cannon  
  112  12:25  Photon Cannon  
  112  12:26  Photon Cannon  
  112  12:27  Photon Cannon  
  112  12:41  Pylon  
  112  12:45  Stargate  
  112  12:48  Protoss Shields Level 1, Phoenix  
  112  12:49  Phoenix x2  
  118  12:59  Pylon  
  118  13:15  Carrier  
  118  13:16  Carrier  
  130  13:33  Carrier  
  128  13:36  Carrier  
  138  13:59  Pylon, Photon Cannon x2  
  138  14:07  Photon Cannon  
  138  14:10  Photon Cannon  
  138  14:16  Templar Archives  
  138  14:22  Protoss Air Weapons Level 3, Pylon  
  138  14:25  Pylon  
  138  14:27  Pylon  
  138  14:41  Void Ray x2  
  146  14:53  Psionic Storm  
  146  14:58  Void Ray x2  
  154  15:17  High Templar x4  
  162  15:23  Nexus  
  162  15:27  Pylon  
  162  15:49  Void Ray x2  
  160  15:50  Void Ray  
  160  15:53  Void Ray  
  172  16:26  Pylon  
  172  16:41  Sentry  
  172  16:45  Adept x9  
Show
View Real Time Build Order
Export as new Build Order

Namshar Zerg 

Build Orders: Hatch First, Lurkers 

Get SALT Encoding   

  12  0:00  Drone  
  13  0:12  Overlord  
  13  0:17  Drone  
  14  0:30  Drone x2  
  14  0:34  Drone  
  17  0:51  Hatchery  
  17  0:54  Drone  
  17  0:58  Drone  
  18  1:09  Extractor  
  17  1:13  Spawning Pool  
  17  1:15  Drone  
  17  1:19  Drone  
  18  1:27  Drone  
  19  1:38  Overlord  
  19  1:50  Drone  
  20  1:59  Queen  
  20  2:00  Zergling x2  
  23  2:03  Queen  
  23  2:04  Zergling x2  
  26  2:10  Drone  
  26  2:11  Metabolic Boost  
  26  2:15  Drone  
  28  2:22  Drone  
  29  2:25  Drone  
  30  2:32  Drone  
  31  2:37  Hatchery  
  31  2:43  Drone  
  31  2:45  Overlord  
  31  2:47  Drone  
  32  2:53  Queen  
  32  2:58  Drone x2  
  36  3:09  Drone x3  
  36  3:10  Drone x2  
  41  3:12  Overlord  
  41  3:14  Drone  
  41  3:16  Drone  
  41  3:18  Drone  
  44  3:24  Overlord  
  44  3:33  Drone x2  
  46  3:36  Extractor  
  45  3:43  Drone  
  45  3:44  Drone x2  
  45  3:45  Drone x4  
  50  3:56  Spore Crawler  
  50  3:58  Drone, Spore Crawler x2  
  50  3:59  Drone  
  50  4:00  Drone x2  
  51  4:05  Overlord  
  51  4:06  Lair  
  51  4:09  Drone, Roach Warren  
  51  4:11  Drone  
  51  4:16  Spore Crawler  
  49  4:17  Extractor  
  49  4:18  Spore Crawler  
  49  4:19  Spore Crawler  
  49  4:20  Drone  
  50  4:24  Drone x3  
  50  4:25  Drone, Zergling x4  
  50  4:27  Drone  
  50  4:31  Evolution Chamber, Drone  
  56  4:36  Drone  
  56  4:37  Drone x3  
  61  4:39  Drone  
  61  4:43  Overlord  
  62  4:55  Zergling x2  
  62  4:56  Zergling x4  
  62  4:59  Zergling x8  
  69  5:00  Zergling x4  
  69  5:01  Zergling x2  
  67  5:07  Drone x2  
  67  5:08  Drone  
  67  5:10  Drone x2  
  70  5:16  Zergling x2  
  70  5:17  Zergling x2  
  70  5:20  Extractor, Spire  
  69  5:23  Drone  
  68  5:30  Drone x5  
  68  5:33  Glial Reconstitution  
  68  5:34  Zerg Missile Weapons Level 1  
  69  5:36  Extractor  
  69  5:37  Drone x2  
  69  5:45  Drone x5  
  72  5:50  Extractor, Drone x4  
  72  5:51  Extractor, Drone  
  74  5:57  Overlord  
  72  6:15  Drone  
  72  6:16  Overlord  
  72  6:17  Overlord  
  72  6:18  Drone  
  72  6:19  Drone x5  
  72  6:21  Drone  
  72  6:22  Overlord  
  79  6:32  Roach x5  
  89  6:34  Overlord  
  89  6:35  Overlord  
  89  6:46  Mutalisk  
  89  6:47  Mutalisk x5  
  89  6:49  Roach  
  89  6:50  Roach x3  
  89  6:53  Roach  
  109  7:01  Roach  
  101  7:03  Roach x3  
  106  7:08  Roach  
  106  7:09  Roach  
  106  7:11  Roach  
  112  7:18  Roach x3  
  115  7:25  Roach x3  
  115  7:28  Roach  
  115  7:29  Roach  
  112  7:34  Roach  
  104  7:53  Drone x2  
  104  7:54  Drone x4  
  107  8:09  Roach  
  107  8:10  Roach x5  
  119  8:18  Roach  
  121  8:22  Hatchery  
  120  8:33  Ravager x4  
  118  8:42  Roach  
  118  8:43  Roach  
  118  8:45  Roach, Zergling x10  
  122  8:51  Roach  
  122  8:52  Zergling x2  
  105  9:04  Roach  
  105  9:05  Roach x3  
  104  9:13  Roach  
  94  9:21  Roach  
  88  9:27  Drone x2  
  85  9:34  Hydralisk Den  
  85  9:35  Drone x2  
  85  9:36  Overseer  
  85  9:37  Drone  
  83  9:39  Queen  
  83  9:41  Spore Crawler  
  84  9:49  Zerg Missile Weapons Level 2  
  84  9:51  Overlord  
  84  9:52  Overlord  
  84  9:55  Roach x4  
  84  9:58  Drone  
  84  9:59  Spore Crawler  
  88  10:00  Spore Crawler  
  88  10:01  Drone  
  88  10:04  Overseer  
  83  10:19  Queen  
  83  10:20  Drone x2  
  87  10:21  Drone  
  87  10:25  Muscular Augments  
  87  10:27  Overseer  
  85  10:30  Hydralisk x2  
  87  10:36  Hydralisk  
  87  10:37  Hydralisk  
  87  10:39  Hydralisk  
  87  10:42  Hydralisk  
  95  10:45  Spore Crawler  
  95  10:49  Queen  
  96  10:55  Hydralisk x2  
  94  11:06  Hydralisk x3  
  96  11:12  Hydralisk x2  
  98  11:23  Hydralisk x3  
  90  11:27  Hydralisk  
  90  11:28  Hydralisk  
  92  11:33  Queen  
  92  11:36  Drone  
  92  11:37  Overlord  
  95  11:40  Overlord  
  95  11:46  Overlord  
  95  11:50  Overlord  
  95  11:55  Overlord  
  95  11:58  Drone  
  96  12:03  Hydralisk x2  
  96  12:08  Hydralisk x2  
  87  12:12  Hydralisk  
  91  12:16  Lurker Den  
  91  12:20  Hydralisk  
  93  12:25  Overseer  
  93  12:29  Hydralisk  
  93  12:30  Hydralisk  
  93  12:34  Hydralisk  
  93  12:35  Hydralisk  
  101  12:40  Hydralisk  
  101  12:42  Hydralisk  
  105  12:46  Overlord  
  105  12:51  Zerg Ground Armor Level 1  
  105  12:57  Hydralisk  
  105  12:58  Hydralisk  
  107  13:01  Hydralisk  
  109  13:12  Hydralisk x3  
  113  13:21  Hydralisk x2  
  117  13:36  Hydralisk x2  
  117  13:39  Overlord x3  
  121  13:43  Overseer  
  121  13:59  Hydralisk  
  121  14:00  Hydralisk x4  
  121  14:01  Overlord  
  131  14:08  Lurker x3  
  134  14:12  Lurker  
  134  14:13  Lurker x2  
  134  14:15  Lurker  
  138  14:17  Lurker  
  138  14:19  Lurker  
  138  14:24  Lurker x2  
  142  14:26  Lurker  
  143  14:45  Hatchery  
  142  14:47  Lurker  
  142  14:48  Lurker x2  
  142  14:49  Lurker  
  146  14:56  Overlord  
  146  14:57  Overlord  
  146  15:15  Overlord  
  146  15:26  Drone x3  
  146  15:27  Drone  
  150  15:34  Queen  
  152  15:39  Drone x2  
  152  15:41  Overlord  
  150  15:45  Drone  
  147  15:51  Drone  
  146  16:08  Hydralisk x2  
  146  16:09  Hydralisk  
  152  16:18  Hydralisk  
  152  16:19  Hydralisk x2  
  152  16:23  Spore Crawler  
  157  16:26  Overseer x2  
  157  16:37  Hydralisk x3  
Tags
 
Add a new tag
Caveats
  • Supply blocks, unpowered buildings, or Contaminate may cause inaccurate times.
  • Supply counts are checked every 10 seconds.